Map: Persephone LE

Players

LiquidElazer (Elazer)

  • Race: Zerg Zerg
  • Spawn Location: 7:00

Remarcable (uThermal) - Winner!

  • Race: Terran Terran
  • League: Master
  • Spawn Location: 11:00

Event: FEL Cracov 2025

VOD

Have the link to the VOD?

Description

Time

  • Played on: July 27, 2025, 7:18 a.m.
  • Length: 5:31

All games in this series

Show
View Real Time Build Order
Export as new Build Order

LiquidElazer Zerg 

Build Orders: Hatch First 

Get SALT Encoding   

  12  0:00  Drone  
  13  0:08  Drone  
  14  0:29  Hatchery  
  14  0:34  Drone  
  14  0:41  Overlord  
  14  0:57  Spawning Pool  
  14  1:00  Drone  
  14  1:04  Drone  
  14  1:08  Drone  
  16  1:12  Drone  
  17  1:22  Drone  
  18  1:34  Drone  
  19  1:43  Queen x2  
  19  1:45  Drone  
  24  1:49  Drone  
  25  1:54  Spine Crawler  
  24  2:04  Overlord  
  24  2:12  Extractor  
  24  2:13  Zergling x6  
  26  2:16  Spore Crawler  
  25  2:25  Queen  
  27  2:33  Queen  
  29  2:43  Zergling x6  
  31  2:50  Drone  
  32  2:55  Zergling x6  
  34  3:11  Overlord  
  34  3:24  Queen, Roach Warren  
  36  3:28  Queen  
  38  3:35  Zergling x6  
  38  3:45  Evolution Chamber  
  38  3:46  Evolution Chamber  
  35  3:57  Zergling x10  
  38  4:04  Zergling x2  
  31  4:13  Zergling x4  
  29  4:18  Queen  
  29  4:20  Zergling x2  
  32  4:35  Queen  
  33  4:44  Zergling x8  
  34  4:59  Zergling x6  
  29  5:07  Zergling x2  
  29  5:08  Zergling x2  
  31  5:14  Zergling x2  
Show
View Real Time Build Order
Export as new Build Order

Remarcable Terran - Winner!

Build Orders:  

Get SALT Encoding   

  12  0:00  SCV  
  13  0:16  Supply Depot  
  13  0:38  Barracks  
  13  0:40  Refinery  
  13  0:52  Barracks  
  13  0:56  SCV  
  14  1:25  Reaper  
  15  1:26  Barracks  
  15  1:27  Refinery  
  15  1:41  Reaper  
  16  1:57  Reaper  
  16  2:01  Bunker  
  17  2:13  Reaper  
  18  2:18  Reaper  
  19  2:29  Reaper  
  19  2:45  Reaper  
  19  2:48  Bunker  
  19  2:50  Supply Depot  
  20  2:58  Reaper  
  21  3:06  Reaper  
  22  3:25  Reaper  
  23  3:30  Reaper  
  24  3:38  Reaper  
  25  3:57  Reaper  
  25  4:02  Reaper  
  25  4:10  Reaper  
  24  4:29  Reaper  
  25  4:34  Reaper  
  25  4:42  Reaper  
Tags
 
Add a new tag
Caveats
  • Supply blocks, unpowered buildings, or Contaminate may cause inaccurate times.
  • Supply counts are checked every 10 seconds.